 Dungeon Crawl Stone Soup version 0.31-a0-1098-g6898e6545c (webtiles) character file.

Game seed: 6214829787870071180

38 kae the Vexing (level 3, -1/25 HPs)
             Began as a Demonspawn Enchanter on Nov 30, 2023.
             Succumbed to a goblin's poison
             ... on level 1 of the Dungeon.
             The game lasted 00:02:06 (1566 turns).

kae the Vexing (Demonspawn Enchanter)               Turns: 1566, Time: 00:02:06

Health: -1/25      AC:  2    Str:  8    XL:     3   Next: 25%
Magic:  0/6        EV: 12    Int: 17    God:
Gold:   83         SH:  4    Dex: 13    Spells: 1/6 levels left

rFire   . . .        a - +1 dagger
rCold   . . .        (no shield)
rNeg    . . .        b - +0 robe
rPois   .            (no helmet)
rElec   .            (no cloak)
rCorr   .            (no gloves)
SInv    .            (no boots)
Will    .....        (no amulet)
Stlth   ++           (no ring)
HPRegen 0.24/turn    (no ring)
MPRegen 0.10/turn

%: no passive effects
@: lethally poisoned (-1 -> -14)
A: large bone plates 1
a: no special abilities


You were on level 1 of the Dungeon.
You visited 1 branch of the dungeon, and saw 2 of its levels.

You collected 83 gold pieces.


Innate Abilities, Weirdness & Mutations

You are partially covered in large bone plates. (SH +4)


   Skills:
 + Level 0.6 Fighting
 * Level 1.5 Short Blades
 + Level 2.0 Dodging
 * Level 3.1 Stealth
 + Level 2.1 Spellcasting
 + Level 3.2 Hexes
 * Level 0.3 Ice Magic


You had one spell level left.
You knew the following spells:

 Your Spells              Type           Power      Damage    Failure   Level
a - Ensorcelled Hibernat  Hex/Ice        14%        N/A       14%         2
b - Confusing Touch       Hex            12%        N/A       16%         3

Your spell library contained the following spells:

 Spells                   Type           Power      Damage    Failure   Level
 Freeze                   Ice            12%        1d3       16%         1
 Apportation              Tloc           2%         N/A       19%         1
 Necrotise                Necr           4%         1d4       19%         1
 Summon Small Mammal      Summ           4%         N/A       19%         1
 Tukima's Dance           Hex            12%        N/A       16%         3
 Poisonous Vapours        Pois/Air       2%         N/A       28%         2
 Dazzling Flash           Conj/Hex       14%        N/A       30%         3
 Frozen Ramparts          Ice            6%         1d1       43%         3
 Hailstorm                Conj/Ice       2%         3d3       47%         3
 Mephitic Cloud           Conj/Pois/Air  1%         N/A       50%         3
 Freezing Cloud           Conj/Ice/Air   1%         6-21      99%         5

Inventory:

Hand Weapons
 a - a +1 dagger (weapon)
Missiles
 f - 3 javelins
 h - 7 stones
 i - 4 atropa-tipped darts
Armour
 b - a +0 robe (worn)
Scrolls
 j - a scroll of fear {unknown}
Potions
 c - 2 potions of invisibility
 e - a potion of resistance

Dungeon Overview and Level Annotations

Branches:
Dungeon (2/15) Zot: 10434

Altars:

Annotations:
D:2 Robin, Terence

### #.#
###########.#
............##
#..######....#####
.............'.g@#
...######....###.#
#.## #....# #.#
#.#### #....# #.#
#....# #....# #.#
####.# #....# #.#
.....####....# #.#
.......##....# #.#
.......##....# #.#


You could see a goblin (asleep).


Message History

😮 HP[+1]
Casting: Ensorcelled Hibernation (safe; 14% risk of failure)
Confirm with . or Enter, or press ? or * to list all spells.
Aiming: Ensorcelled Hibernation (safe; 14% risk of failure)
Press: ? - help, Shift-Dir - straight line, f - goblin
Aim: a goblin, wielding a +0 dagger (strong, chance to affect: 58%)
You miscast Ensorcelled Hibernation.
You are very lightly contaminated with residual magic.
Nothing appears to happen. 😮 MP[-2]
You lost 2 mp, and now have 2/6 mp.
Casting: Ensorcelled Hibernation (safe; 14% risk of failure)
Confirm with . or Enter, or press ? or * to list all spells.
Aiming: Ensorcelled Hibernation (safe; 14% risk of failure)
Press: ? - help, Shift-Dir - straight line, f/p - goblin
Aim: a goblin, wielding a +0 dagger (strong, chance to affect: 58%)
You miscast Ensorcelled Hibernation.
Nothing appears to happen.
The goblin barely misses you. You block the goblin's attack. 😮 MP[-2]
You lost 2 mp, and now have 0/6 mp.
The goblin attacks as it pursues you! The goblin closely misses you. 😕 HP[+1]
The goblin attacks as it pursues you!
The goblin hits you with a +0 dagger. 😮 HP[-4]
You take 4 damage, and now have 15/25 hp. 😮 HP[+1] MP[+1]
There is an open door here.
The goblin no longer looks unusually strong. x2
Robin roars a battlecry!
The goblins go into a battle-frenzy!
The goblin attacks as it pursues you! The goblin closely misses you.
Robin throws the goblin at you! 😮 HP[+1]
The goblin no longer looks unusually strong.
The goblin attacks as it pursues you!
The goblin hits you with a +0 dagger. 😮 HP[-1]
You take 1 damage, and now have 16/25 hp.
The goblin attacks as it pursues you! The goblin misses you.
Your magical contamination has completely faded away.
The goblin attacks as it pursues you!
The goblin hits you with a +2 dagger of venom.
* * * LOW HITPOINT WARNING * * *
You are lethally poisoned!
The goblin barely misses you.
There is an open door, spattered with blood here. 😨 HP[-5]
You take 5 damage, and now have 11/25 hp.
* * * LOW HITPOINT WARNING * * *
You feel very sick. The goblin attacks as it pursues you!
The goblin hits you with a +2 dagger of venom.
* * * LOW HITPOINT WARNING * * *
You are more poisoned. 😱 HP[-6]
You take 6 damage, and now have 5/25 hp.
MASSIVE DAMAGE!! (PAUSE) It was a potion of curing.
You feel better.
The goblin hits you with a +2 dagger of venom.
* * * LOW HITPOINT WARNING * * *
You are lethally poisoned! 😨 HP[+4] MP[+1]
You regained 4 hp, and now have 9/25 hp.
It was a potion of heal wounds.
You feel much better.
You feel very sick.
You block the goblin's attack. 😕 HP[+11]
You regained 11 hp, and now have 20/25 hp.
Unknown command.
You feel very sick. The goblin attacks as it pursues you!
The goblin hits you with a +2 dagger of venom.
You are lethally poisoned! 😮 HP[-4]
You take 4 damage, and now have 16/25 hp.
You feel very sick.
There is a stone staircase leading up here.
You see here a +0 dagger. 😮 HP[-3]
You take 3 damage, and now have 13/25 hp.
* * * LOW HITPOINT WARNING * * *
You feel very sick.
The goblin hits you with a +2 dagger of venom.
* * * LOW HITPOINT WARNING * * *
You are more poisoned.
You climb upwards.
* * * LOW HITPOINT WARNING * * *
You feel extremely sick.
There is a stone staircase leading down here.
You can't go up here! 😱 HP[-11]
You take 11 damage, and now have 2/25 hp.
MASSIVE DAMAGE!! (PAUSE)
Casting: Ensorcelled Hibernation (safe; 14% risk of failure)
Confirm with . or Enter, or press ? or * to list all spells.
Aiming: Ensorcelled Hibernation (safe; 14% risk of failure)
Press: ? - help, Shift-Dir - straight line, f - goblin
Aim: a goblin, wielding a +2 dagger of venom (chance to affect: 58%)
The goblin looks drowsy...
You die...

Skill      XL: |  1  2 |
---------------+-------+-----
Short Blades   | 1 |  1.5
Stealth        | 3 |  3.1
Dodging        | 2 |  2.0
Fighting       | |  0.6
Spellcasting   | |  2.1
Hexes          | |  3.2
Ice Magic      | |  0.3

Action                     || total
---------------------------++-------
  Melee: Dagger            ||    77
   Cast: Ensorcelled Hiber ||     4
    Use: Scroll            ||     2
         Potion            ||     2
   Stab: Sleeping          ||     5
 Armour: Robe              ||    32
  Dodge: Dodged            ||    58
  Block: Other             ||    10

Levels and vault maps discovered:
D:1:      kennysheep_arrival_seaside, layout_basic
D:2:      layout_loops_corners, basic_altar, uniq_robin, uniq_terence

Notes
Turn   | Place    | Note
-------+----------+-------------------------------------------
     0 | D:1      | kae the Demonspawn Enchanter began the quest for the Orb.
     0 | D:1      | Reached XP level 1. HP: 13/13 MP: 3/3
     0 | D:1      | magus.rc [v1.11.3]
    86 | D:1      | Reached skill level 1 in Short Blades
   200 | D:1      | HP: 2/13 [frozen (5)]
   204 | D:1      | Gained mutation: You are partially covered in large bone
                  | plates. (SH +4) [demonic ancestry]
   204 | D:1      | Reached XP level 2. HP: 5/19 MP: 5/5
   448 | D:1      | You pick up a book of Vapours and begin reading...
   448 | D:1      | You add the spells Poisonous Vapours, Mephitic Cloud and
                  | Freezing Cloud to your library.
   840 | D:1      | Learned a level 2 spell: Ensorcelled Hibernation
   940 | D:2      | Reached skill level 3 in Stealth
   982 | D:2      | Noticed Terence
  1069 | D:2      | Reached skill level 2 in Dodging
  1069 | D:2      | Reached XP level 3. HP: 25/25 MP: 6/6
  1073 | D:2      | Learned a level 3 spell: Confusing Touch
  1139 | D:2      | You pick up a book of Frost and begin reading...
  1139 | D:2      | You add the spells Freeze, Frozen Ramparts and Hailstorm to
                  | your library.
  1297 | D:2      | You pick up a book of Cantrips and begin reading...
  1297 | D:2      | You add the spells Necrotise, Summon Small Mammal and
                  | Apportation to your library.
  1485 | D:2      | Noticed Robin
  1559 | D:2      | HP: 5/25 [goblin/+2 dagger of venom[Robin] (4)]
  1565 | D:1      | HP: 2/25 [poisoned by a goblin]
  1566 | D:1      | Succumbed to a goblin's poison

Vanquished Creatures
  An adder (D:2)
  A worm (D:2)
  2 dart slugs (D:1)
  An orc (D:2)
  4 bats
  3 endoplasms (D:1)
  A goblin (D:2)
  A hobgoblin (D:2)
  3 jackals (D:1)
  2 ball pythons
  A kobold (D:2)
  A rat (D:2)
21 creatures vanquished.

Table legend:
 A = Non-vault XP
 B = Vault XP
 C = Vault XP percentage of total XP
 D = Non-vault monster count
 E = Vault monster count
 F = Vault count percentage of total count
                 A         B        C        D         E       F
            +---------+---------+-------+---------+---------+-------
      Total |      51 |       4 |   7.3 |      19 |       2 |   9.5
            +---------+---------+-------+---------+---------+-------
        D:1 |      23 |       0 |   0.0 |      10 |       0 |   0.0
        D:2 |      28 |       4 |  12.5 |       9 |       2 |  18.2
            +---------+---------+-------+---------+---------+-------

Skill      XL: |  1  2 |
---------------+-------+-----
Short Blades   | 1 |  1.5
Stealth        | 3 |  3.1
Dodging        | 2 |  2.0
Fighting       | |  0.6
Spellcasting   | |  2.1
Hexes          | |  3.2
Ice Magic      | |  0.3

Action                     || total
---------------------------++-------
  Melee: Dagger            ||    77
   Cast: Ensorcelled Hiber ||     4
    Use: Scroll            ||     2
         Potion            ||     2
   Stab: Sleeping          ||     5
 Armour: Robe              ||    32
  Dodge: Dodged            ||    58
  Block: Other             ||    10

Illustrated notes

Table legend:
 A = Kills in this place as a percentage of kills in the entire game.
 B = Kills by you in this place as a percentage of kills by you in the entire game.
 C = Kills by friends in this place as a percentage of kills by friends in the entire game.
 D = Other kills in this place as a percentage of other kills in the entire game.
 E = Experience gained in this place as a percentage of experience gained in the entire game.
 F = Experience gained in this place divided by the number of levels of this place that you have seen.
                   A       B       C       D       E      F
               +-------+-------+-------+-------+-------+----------------------
         Total | 100.0 | 100.0 |   N/A |   N/A | 100.0 |  27.5
       Dungeon | 100.0 | 100.0 |   N/A |   N/A | 100.0 |  27.5
               +-------+-------+-------+-------+-------+----------------------

Table legend: (Time is in decaauts)
 A = Elapsed time spent in this place.
 B = Non-inter-level travel time spent in this place.
 C = Inter-level travel time spent in this place.
 D = Time resting spent in this place.
 E = Time spent auto-exploring this place.
 F = Levels seen in this place.
 G = Mean time per level.
                   A        B        C        D        E       F      G
               +--------+--------+--------+--------+--------+-----+--------+
         Total |   1565 |   1462 |    103 |     31 |   1160 |   2 |  782.5 |
       Dungeon |   1565 |   1462 |    103 |     31 |   1160 |   2 |  782.5 |
               +--------+--------+--------+--------+--------+-----+--------+

Top non-repeatable levels by time:
     D:1: 947 daAuts
     D:2: 617 daAuts
